Map: Blackpink LE

Players

nycosborne - Winner!

  • Race: Terran Terran
  • League: Platinum
  • Spawn Location: 7:00

Kozzy

  • Race: Protoss Protoss
  • League: Gold
  • Spawn Location: 1:00

VOD

Have the link to the VOD?

Description

Time

  • Played on: April 12, 2018, 3:10 a.m.
  • Length: 5:54
Show
View Real Time Build Order
Export as new Build Order

nycosborne Terran - Winner!

Build Orders:  

Get SALT Encoding   

  12  0:01  SCV  
  13  0:13  Supply Depot  
  13  0:17  SCV  
  14  0:25  Refinery  
  14  0:29  SCV  
  15  0:41  SCV  
  16  0:50  Barracks  
  16  0:53  SCV  
  17  1:05  SCV  
  18  1:11  Barracks  
  18  1:18  SCV  
  19  1:30  SCV  
  20  1:40  Marine  
  20  1:41  Factory  
  20  1:42  SCV  
  22  1:55  Supply Depot, Orbital Command  
  22  2:02  Barracks Tech Lab  
  22  2:11  Marine  
  23  2:21  SCV  
  24  2:25  Marine  
  24  2:27  Stimpack  
  25  2:33  SCV  
  26  2:44  Refinery  
  26  2:45  SCV  
  26  2:47  Marine x2  
  26  2:50  Supply Depot  
  29  2:55  Starport  
  29  2:59  SCV  
  29  3:05  Marine  
  30  3:11  Marine, SCV  
  33  3:14  Supply Depot  
  33  3:23  Marine, SCV  
  33  3:26  Factory Tech Lab  
  35  3:32  Medivac  
  37  3:39  Command Center  
  37  3:45  Marine x2  
  39  3:50  SCV  
  39  3:54  Supply Depot  
  40  4:01  Siege Tank  
  43  4:03  Marine x2  
  45  4:14  SCV  
  46  4:20  Marine, Viking  
  46  4:21  Marine  
  50  4:33  SCV  
  51  4:38  Marine x2  
  51  4:45  SCV  
  54  4:50  Siege Tank  
  57  4:56  Marine x2  
  58  5:14  Marine  
  62  5:28  Engineering Bay  
  62  5:30  Refinery  
  62  5:31  Bunker  
  62  5:35  Refinery  
Show
View Real Time Build Order
Export as new Build Order

Kozzy Protoss 

Build Orders:  

Get SALT Encoding   

  12  0:02  Probe  
  13  0:14  Probe  
  13  0:20  Pylon  
  14  0:32  Probe  
  15  0:41  Gateway  
  15  0:45  Probe (Chrono Boost)  
  15  0:47  Assimilator  
  17  0:57  Probe (Chrono Boost)  
  17  1:02  Probe (Chrono Boost)  
  18  1:04  Assimilator  
  18  1:11  Probe  
  19  1:23  Probe (Chrono Boost)  
  19  1:24  Pylon  
  20  1:34  Probe (Chrono Boost), Cybernetics Core  
  20  1:39  Probe (Chrono Boost)  
  23  1:59  Pylon  
  23  2:08  Forge  
  22  2:13  Stalker (Chrono Boost)  
  22  2:15  Pylon  
  22  2:19  Warp Gate  
  24  2:27  Shield Battery  
  24  2:36  Stalker  
  26  2:42  Protoss Ground Weapons Level 1 (Chrono Boost)  
  26  2:54  Twilight Council  
  26  3:01  Photon Cannon  
  26  3:15  Stalker (Chrono Boost)  
  26  3:17  Shield Battery  
  28  3:25  Pylon  
  28  3:31  Charge  
  28  3:50  Pylon  
  28  3:56  Gateway  
  28  3:58  Pylon  
  28  4:12  Gateway  
  28  4:21  Pylon  
  28  4:23  Robotics Facility  
  28  4:27  Stalker  
  30  4:45  Pylon  
  30  4:51  Stalker  
  31  4:54  Zealot  
  19  5:06  Probe  
  20  5:16  Zealot x2  
  24  5:31  Probe (Chrono Boost)  
  25  5:41  Probe (Chrono Boost)  
Tags
 
Add a new tag
Caveats
  • Supply blocks, unpowered buildings, or Contaminate may cause inaccurate times.
  • Supply counts are checked every 10 seconds.